 Dungeon Crawl Stone Soup version 0.29-a0-561-ga02bf68b3c (webtiles) character file.

Game seed: 17622855693907878418

35 Glokmah the Charlatan (level 3, 0/28 HPs)
             Began as a Human Artificer on June 11, 2022.
             Killed by nerve-wracking pain
             ... invoked by Jessica
              (6 damage)
             ... on level 2 of the Dungeon.
             The game lasted 00:02:37 (1618 turns).

Glokmah the Charlatan (Human Artificer)             Turns: 1618, Time: 00:02:37

Health: 0/28       AC:  3    Str: 14    XL:     3   Next: 55%
Magic:  3/3        EV: 11    Int: 11    God:
Gold:   59         SH:  0    Dex: 13    Spells: 2/2 levels left

rFire   . . .      SeeInvis .   a - +0 short sword
rCold   . . .      Faith    .   (no shield)
rNeg    . . .      Spirit   .   b - +0 leather armour
rPois   .          Reflect  .   (no helmet)
rElec   .          Harm     .   (no cloak)
rCorr   .          Rampage  .   (no gloves)
Will    .....                   (no boots)
Stlth   +.........              (no amulet)
HPRegen 0.09/turn               (no ring)
MPRegen 0.08/turn               (no ring)

@: no status effects
A: no striking features
a: no special abilities


You were on level 2 of the Dungeon.
You visited 1 branch of the dungeon, and saw 2 of its levels.

You collected 59 gold pieces.

Inventory:

Hand Weapons
 a - a +0 short sword (weapon)
Missiles
 g - 66 stones (quivered)
Armour
 b - a +0 leather armour (worn)
 k - a +0 plate armour
Magical Staves
 l - a staff of death
Wands
 c - a wand of flame (15)
 d - a wand of charming (15)
 e - a wand of iceblast (9)
Scrolls
 f - 2 scrolls of teleportation {unknown}
 i - a scroll of identify {unknown}
Potions
 h - a potion of might {unknown}
 j - a potion of degeneration {unknown}


   Skills:
 + Level 2.4 Fighting
 - Level 2.0 Armour
 - Level 1.0 Dodging
 - Level 1.0 Stealth
 + Level 0.2 Spellcasting
 * Level 0.5 Summonings
 + Level 3.4 Evocations


You had 2 spell levels left.
You didn't know any spells.
Your spell library contained the following spells:

 Spells                   Type           Power      Damage    Failure   Level
 Summon Forest            Summ/Tloc      0%         N/A       100%        5
 Summon Mana Viper        Hex/Summ       0%         N/A       100%        5
 Summon Cactus Giant      Summ           0%         N/A       100%        6


Dungeon Overview and Level Annotations

Branches:
Dungeon (2/15)

Altars:

Annotations:
D:2 Jessica


Message History

You throw a stone.
The stone hits Jessica but does no damage.
Jessica is lightly wounded.
Throw: 69 stones
Press: ? - help, Q - select action, (/) - cycle Shift-Dir - straight line, f/p - Jessica
Aim: Jessica, wielding a +0 club and wearing a +0 robe (57% to hit)
You throw a stone.
The stone hits Jessica but does no damage.
Unknown command.
Throw: 68 stones
Press: ? - help, Q - select action, (/) - cycle Shift-Dir - straight line, f/p - Jessica
Aim: Jessica, wielding a +0 club and wearing a +0 robe (57% to hit)
You throw a stone.
The stone hits Jessica but does no damage.
Unknown command.
Throw: 67 stones
Press: ? - help, Q - select action, (/) - cycle Shift-Dir - straight line, f/p - Jessica
Aim: Jessica, wielding a +0 club and wearing a +0 robe (57% to hit)
You throw a stone. The stone barely misses Jessica.
Jessica shouts, "I don't like beings like you!"
Unknown command.
You barely miss Jessica. Jessica hits you with a +0 club.
You completely miss Jessica.
Jessica gestures wildly while chanting.
Jessica seems to speed up.
You hit Jessica but do no damage. Jessica closely misses you.
Jessica casts a spell.
Jessica blinks!
Jessica attacks as you move away! Jessica hits you with a +0 club.
You hit Jessica.
Jessica is lightly wounded.
Jessica casts a spell at you. Pain shoots through your body!
* * * LOW HITPOINT WARNING * * *
Jessica misses you.
You hit Jessica but do no damage.
Jessica is lightly wounded.
Jessica casts a spell at you. Pain shoots through your body!
You die...

#...... ######
..#.#. #......
....# ## .....$.
..### #. ....((.
.##...(...
#...((....
###.#$......
######.<@@......#
#........########
#.#.†..###
#....#### #.## #


You could see Jessica (fast).

Vanquished Creatures
  An adder (D:1)
  A dart slug (D:2)
  3 endoplasms (D:1)
  2 giant cockroaches (D:1)
  3 goblins (D:1)
  2 hobgoblins (D:1)
  2 quokkas (D:1)
  2 ball pythons (D:1)
  2 bats (D:1)
  A frilled lizard (D:1)
  2 kobolds (D:1)
21 creatures vanquished.

Notes
Turn   | Place    | Note
-------+----------+-------------------------------------------
     0 | D:1      | Glokmah the Human Artificer began the quest for the Orb.
     0 | D:1      | Reached XP level 1. HP: 15/15 MP: 1/1
   236 | D:1      | Reached XP level 2. HP: 13/21 MP: 2/2
   524 | D:1      | Found a faded altar of an unknown god.
  1315 | D:1      | Reached XP level 3. HP: 26/27 MP: 3/3
  1484 | D:2      | Noticed Jessica
  1618 | D:2      | Killed from afar by Jessica

Illustrated notes

Levels and vault maps discovered:
D:1:      onia_arrival_mini_spirals, layout_rooms,
          dreamdust_ecumenical_altar_angels_and_demons
D:2:      layout_rooms, serial_shops, shop, uniq_jessica

Skill      XL: |  1  2 |
---------------+-------+-----
Fighting       | 2 |  2.4
Armour         | |  2.0
Dodging        | |  1.0
Stealth        | |  1.0
Spellcasting   | |  0.2
Summonings     | |  0.5
Evocations     | |  3.4

Action                   || total
-------------------------++-------
Melee: Club              ||    19
       Short sword       ||    79
       Punch             ||     1
Throw: Stone             ||     9
Armor: Leather armour    ||    36
Dodge: Dodged            ||    69

Table legend: (Time is in decaauts)
 A = Elapsed time spent in this place.
 B = Non-inter-level travel time spent in this place.
 C = Inter-level travel time spent in this place.
 D = Time resting spent in this place.
 E = Time spent auto-exploring this place.
 F = Levels seen in this place.
 G = Mean time per level.
                   A        B        C        D        E       F      G
               +--------+--------+--------+--------+--------+-----+--------+
         Total |   1632 |   1589 |     43 |     11 |   1273 |   2 |  816.0 |
       Dungeon |   1632 |   1589 |     43 |     11 |   1273 |   2 |  816.0 |
               +--------+--------+--------+--------+--------+-----+--------+

Top non-repeatable levels by time:
     D:1: 1540 daAuts
     D:2: 92 daAuts
